 Dungeon Crawl Stone Soup version 0.31.0-12-g77e489cdc1 (webtiles) character file.

Game seed: 14258393456814671653

39253 Silvore the Carver (level 13, 0/101 HPs)
             Began as a Demonspawn Fighter on Feb 16, 2024.
             Was the Champion of Okawaru.
             Slain by a 13-headed hydra (1 damage)
             ... on level 12 of the Dungeon.
             The game lasted 00:19:40 (11436 turns).

Silvore the Carver (Demonspawn Fighter)            Turns: 11436, Time: 00:19:41

Health: 0/101      AC: 49    Str: 20    XL:     13   Next: 68%
Magic:  0/13       EV: 13    Int:  9    God:    Okawaru [******]
Gold:   639        SH: 17    Dex: 14    Spells: 12/12 levels left

rFire   + . .        R - +6 demon blade (heavy)
rCold   + + .        j - +0 tower shield
rNeg    . . .        S - +20 crystal plate armour of Zickext {rC+ rCorr}
rPois   +            g - +1 helmet
rElec   .            p - +0 cloak
rCorr   +            Q - +1 pair of gloves
SInv    +            i - +0 pair of boots
Will    .....        F - amulet of guardian spirit Stlth
                     t - ring of protection from cold
HPRegen 0.36/turn    z - ring "Niocike" {^Contam rPois rF+ EV+5 SInv}
MPRegen 0.13/turn

%: guardian spirit
@: agile, about to teleport
A: powered by pain 2, spiny 1, sharp scales 3, weakness stinger 2
a: Renounce Religion, Heroism, Finesse, Duel


You were on level 12 of the Dungeon.
You worshipped Okawaru.
Okawaru was exalted by your worship.
You visited 2 branches of the dungeon, and saw 13 of its levels.
You also visited: Bailey.

You collected 639 gold pieces.

Inventory:

Hand Weapons
 a - a +2 long sword of protection
 N - the +4 great mace of Moukk {flame, rN+ Will+}
   (You found it on level 10 of the Dungeon)

   rN+:       It protects you from negative energy.
   Will+:     It increases your willpower.
 R - a +6 heavy demon blade (weapon)
Missiles
 q - a throwing net (quivered)
Armour
 b - a +0 scale mail
 c - a +0 buckler
 g - a +1 helmet (worn)
 i - a +0 pair of boots (worn)
 j - a +0 tower shield (worn)
 p - a +0 cloak (worn)
 D - a +0 pair of gloves
 Q - a +1 pair of gloves (worn)
 S - the +20 crystal plate armour of Zickext (worn) {rC+ rCorr}
   (Okawaru gifted it to you on level 11 of the Dungeon)

   rC+:       It protects you from cold.
   rCorr:     It protects you from acid and corrosion.
Jewellery
 t - a ring of protection from cold (left hand)
 u - an amulet of the acrobat
 z - the ring "Niocike" (right hand) {^Contam rPois rF+ EV+5 SInv}
   (You found it in a bailey)

   [ring of evasion]

   EV+5:      It affects your evasion (+5).
   rF+:       It protects you from fire.
   rPois:     It protects you from poison SInv: It lets you see invisible.
   ^Contam:   It causes magical contamination when unequipped.
 F - an amulet of guardian spirit (around neck)
 I - a ring of poison resistance
Wands
 r - a wand of charming (9)
 x - a wand of quicksilver (6)
Scrolls
 d - a scroll of immolation
 h - a scroll of revelation
 k - 3 scrolls of poison
 l - 4 scrolls of teleportation
 s - 2 scrolls of fear
 v - a scroll of blinking
 w - a scroll of fog
 y - a scroll of enchant weapon
 L - a scroll of silence
 M - a scroll of vulnerability
Potions
 e - 6 potions of brilliance
 m - 3 potions of curing
 n - a potion of berserk rage
 o - 2 potions of resistance
 B - 2 potions of degeneration {unknown}
 C - 2 potions of attraction
 E - 3 potions of ambrosia
 G - 5 potions of lignification
 K - 2 potions of enlightenment {unknown}
 O - a potion of haste {unknown}
Miscellaneous
 A - a phial of floods
 H - a tin of tremorstones (1/2)
 J - a sack of spiders


   Skills:
 + Level 9.3 Fighting
 + Level 12.1 Long Blades
 + Level 8.5 Armour
 + Level 7.6 Dodging
 + Level 4.2 Stealth
 + Level 11.6 Shields
 + Level 0.1 Invocations
 + Level 0.4 Evocations


You had 12 spell levels left.
You didn't know any spells.
Your spell library contained the following spells:

 Spells                   Type           Power      Damage    Failure   Level
 Apportation              Tloc           0%         N/A       100%        1
 Kiss of Death            Conj/Necr      0%         2d5       100%        1
 Necrotise                Necr           0%         1d4       100%        1
 Sting                    Conj/Alch      0%         1d3       100%        1
 Jinxbite                 Hex            0%         N/A       100%        2
 Confusing Touch          Hex            0%         N/A       100%        3
 Fugue of the Fallen      Necr           0%         N/A       100%        3
 Ozocubu's Armour         Ice            0%         N/A       100%        3
 Sigil of Binding         Hex            0%         N/A       100%        3
 Dimensional Bullseye     Hex/Tloc       0%         N/A       100%        4
 Dispel Undead            Necr           0%         3d6       100%        4
 Iskenderun's Mystic Bla  Conj/Tloc      0%         2d3       100%        4
 Manifold Assault         Tloc           0%         N/A       100%        4
 Alistair's Intoxication  Alch           0%         N/A       100%        5
 Summon Small Mammal      Summ           Unusable   N/A       N/A         1
 Call Canine Familiar     Summ           Unusable   N/A       N/A         3
 Tukima's Dance           Hex            Unusable   N/A       N/A         3

Dungeon Overview and Level Annotations

Branches:
Dungeon (12/15)            Temple (1/1) D:5            Lair (0/5) D:9
 Bailey (visited)
    Orc: D:9-12

Altars:
Ashenzari
Cheibriados
Dithmenos
Fedhas
Gozag
Hepliaklqana
Kikubaaqudgha
Makhleb
Nemelex Xobeh
Okawaru
Qazlal
Ru
Sif Muna
Trog
Uskayaw
Vehumet
Wu Jian
Xom
Yredelemnul

Shops:
D:4 (   D:6 (   D:9 [(   D:10 *


Innate Abilities, Weirdness & Mutations

You sometimes gain power by taking damage.
You are partially covered in sharp spines.
You are completely covered in razor-sharp scales. (AC +3, Slay +3)
You have a tail ending in a sharp stinger.


Message History

You feel agile all of a sudden.
The 13-headed hydra bites you but does no damage.
You block the 13-headed hydra's attack. The 13-headed hydra misses you.
You block the 13-headed hydra's attack.
The 13-headed hydra bites you but does no damage.
The 13-headed hydra closely misses you.
The 13-headed hydra bites you but does no damage.
The 13-headed hydra attacks as it pursues you!
You block the 13-headed hydra's attack. x3; The 13-headed hydra bites you!
You focus on the pain.
You feel your power returning. You block the 13-headed hydra's attack.
The 13-headed hydra bites you!
* * * LOW HITPOINT WARNING * * *
The 13-headed hydra bites you but does no damage.
The 13-headed hydra bites you!
* * * LOW HITPOINT WARNING * * *
The 13-headed hydra bites you.
* * * LOW HITPOINT WARNING * * *
The 13-headed hydra misses you. The 13-headed hydra bites you!
* * * LOW HITPOINT WARNING * * *
You focus on the pain.
You feel your power returning.
The 13-headed hydra bites you but does no damage. x2
The 13-headed hydra is struck by your spines.
The 13-headed hydra misses you.
The 13-headed hydra bites you but does no damage.
The 13-headed hydra barely misses you.
The 13-headed hydra bites you but does no damage.
The 13-headed hydra bites you.
The 13-headed hydra bites you but does no damage.
The 13-headed hydra closely misses you.
The 13-headed hydra bites you but does no damage.
The 13-headed hydra closely misses you.
The 13-headed hydra bites you but does no damage. x2
The 13-headed hydra barely misses you.
The 13-headed hydra bites you but does no damage.
As you read the scroll of teleportation, it crumbles to dust.
You feel strangely unstable.
You block the 13-headed hydra's attack. x2
The 13-headed hydra bites you!
* * * LOW HITPOINT WARNING * * *
You block the 13-headed hydra's attack. The 13-headed hydra bites you.
You die...

###### ....#
#..# #..####
##....###
#.@##...###
#D.####...#
......yp.# ###.#
##########
#.#######..
#..........
#..####...< #..#
.. #..# ...
######..####....


You could see a 13-headed hydra (berserk, very poisoned), a moth of wrath shaped
shifter and an arcanist (fast).

Vanquished Creatures
  An orc warlord (Bailey)
  Josephine (D:11)
  2 centaur warriors
  5 two-headed ogres
  3 boulder beetles
  Sonja (D:10)
  2 deep trolls (D:11)
  2 orc knights (D:10)
  2 cyclopes
  A manticore (D:9)
  3 gargoyles
  An unseen horror (D:8)
  2 kobold demonologists (D:9)
  A komodo dragon (D:10)
  An efreet (D:9)
  A hornet (D:9)
  10 trolls
  5 wraiths
  A shadow (D:9)
  A vampire (D:11)
  2 wyverns (D:9)
  9 yaks
  A basilisk (D:9)
  4 water moccasins
  An acid dragon (D:9)
  16 orc warriors
  2 black bears
  A sky beast (D:7)
  3 ice beasts
  An ogre (D:6)
  7 centaurs
  Blork the orc (D:5)
  8 bullfrogs
  2 gnoll sergeants (D:9)
  4 scorpions
  6 wights
  13 killer bees
  10 howler monkeys
  A gnoll bouda (D:7)
  A hound (D:7)
  3 jellies
  12 orc priests
  Jessica (D:2)
  A sleepcap (D:6)
  3 iguanas
  19 orc wizards
  Terence (D:2)
  22 gnolls
  4 adders
  A shadow imp (D:7)
  4 white imps
  2 ufetubi (D:5)
  A ribbon worm (D:2)
  3 dart slugs
  49 orcs
  8 bats
  5 endoplasms
  4 giant cockroaches
  10 goblins
  12 hobgoblins
  2 jackals (D:1)
  18 kobolds
  4 quokkas
  5 ball pythons
  4 frilled lizards
  5 rats
342 creatures vanquished.

Vanquished Creatures (others)
  An orc (D:11)
1 creature vanquished.

Grand Total: 343 creatures vanquished

Notes
Turn   | Place    | Note
-------+----------+-------------------------------------------
     0 | D:1      | Silvore the Demonspawn Fighter began the quest for the Orb.
     0 | D:1      | Reached XP level 1. HP: 18/18 MP: 1/1
   101 | D:1      | Gained mutation: You are partially covered in razor-sharp
                  | scales. (AC +1, Slay +1) [demonic ancestry]
   101 | D:1      | Reached XP level 2. HP: 19/24 MP: 2/2
   102 | D:1      | Reached skill level 2 in Long Blades
   971 | D:2      | Reached XP level 3. HP: 23/29 MP: 3/3
  1092 | D:2      | Found a burning altar of Makhleb.
  1260 | D:2      | Reached skill level 3 in Long Blades
  1260 | D:2      | Gained mutation: You are partially covered in sharp spines.
                  | [demonic ancestry]
  1260 | D:2      | Reached XP level 4. HP: 32/35 MP: 4/4
  1406 | D:2      | Noticed Jessica
  1406 | D:2      | Noticed Terence
  1414 | D:2      | Killed Terence
  1415 | D:2      | Killed Jessica
  1416 | D:2      | Reached skill level 1 in Dodging
  1416 | D:2      | Gained mutation: You are mostly covered in razor-sharp
                  | scales. (AC +2, Slay +2) [demonic ancestry]
  1416 | D:2      | Reached XP level 5. HP: 41/41 MP: 5/5
  2392 | D:4      | Reached skill level 4 in Long Blades
  2482 | D:4      | Gained mutation: You sometimes gain a little power by
                  | taking damage. [demonic ancestry]
  2482 | D:4      | Reached XP level 6. HP: 39/47 MP: 6/6
  2759 | D:4      | Found a bloodstained altar of Trog.
  2891 | D:4      | Found Urahar's Weapon Emporium.
  3036 | D:5      | Entered Level 5 of the Dungeon
  3171 | D:5      | Found a staircase to the Ecumenical Temple.
  3217 | D:5      | Gained mutation: You have a small tail. [demonic ancestry]
  3217 | D:5      | Reached XP level 7. HP: 53/53 MP: 7/7
  3233 | D:5      | Noticed Blork the orc
  3242 | D:5      | Killed Blork the orc
  3243 | D:5      | Reached skill level 5 in Long Blades
  3477 | D:5      | Noticed a yak
  3477 | D:5      | Noticed a yak
  3477 | D:5      | Noticed a yak
  3477 | D:5      | Noticed a yak
  3478 | D:5      | Noticed a yak
  3490 | D:5      | Killed a yak
  3501 | D:5      | Killed a yak
  3502 | D:5      | Gained mutation: You sometimes gain power by taking damage.
                  | [demonic ancestry]
  3502 | D:5      | Reached XP level 8. HP: 44/60 MP: 8/8
  3509 | D:5      | Reached skill level 6 in Long Blades
  3509 | D:5      | Reached skill level 5 in Shields
  3887 | D:5      | Identified the +4 ring mail of Wemorgha {Int+4}
  3938 | Temple   | Entered the Ecumenical Temple
  3964 | Temple   | Became a worshipper of Warmaster Okawaru
  4203 | D:6      | Found a shadowy altar of Dithmenos.
  4224 | D:6      | Reached skill level 7 in Long Blades
  4333 | D:6      | Reached * piety under Okawaru
  4338 | D:6      | Reached XP level 9. HP: 42/66 MP: 9/9
  4586 | D:6      | Found Qazuluf's Weapon Boutique.
  4704 | D:6      | Found a snail-covered altar of Cheibriados.
  4750 | D:7      | Reached skill level 5 in Armour
  4824 | D:7      | Found a flagged portal.
  4839 | Bailey   | Entered a bailey
  4865 | Bailey   | Noticed an orc warlord
  4979 | Bailey   | Found a runed translucent gate.
  4981 | Bailey   | Found a runed translucent gate.
  4982 | Bailey   | Found a runed translucent gate.
  5068 | Bailey   | Reached skill level 8 in Long Blades
  5068 | Bailey   | Reached skill level 5 in Dodging
  5068 | Bailey   | Reached XP level 10. HP: 77/77 MP: 10/10
  5127 | Bailey   | Killed an orc warlord
  5127 | Bailey   | Reached ** piety under Okawaru
  5128 | Bailey   | Reached skill level 9 in Long Blades
  5135 | Bailey   | Identified the ring "Niocike" {^Contam rPois rF+ EV+5 SInv}
  5598 | D:7      | Found a hazy altar of Hepliaklqana.
  6339 | D:7      | Reached *** piety under Okawaru
  6680 | D:8      | Noticed a two-headed ogre
  6688 | D:8      | Killed a two-headed ogre
  6689 | D:8      | Reached XP level 11. HP: 75/84 MP: 11/11
  6935 | D:8      | Noticed a centaur warrior
  6949 | D:8      | Killed a centaur warrior
  7358 | D:8      | Reached **** piety under Okawaru
  7659 | D:9      | Found Pufy's Armour Boutique.
  7674 | D:9      | Found a staircase to the Lair.
  7692 | D:9      | Noticed a two-headed ogre
  7719 | D:9      | Killed a two-headed ogre
  7720 | D:9      | Reached skill level 10 in Long Blades
  7841 | D:9      | Noticed a boulder beetle
  7885 | D:9      | Identified the +10 falchion of Dacy {pain, rN++ Int+6}
  7902 | D:9      | Reached ***** piety under Okawaru
  7952 | D:9      | Killed a boulder beetle
  7969 | D:9      | Noticed a two-headed ogre
  7974 | D:9      | Noticed a two-headed ogre
  7986 | D:9      | Killed a two-headed ogre
  7986 | D:9      | Received a gift from Okawaru
  7995 | D:9      | Noticed a sun demon
  7997 | D:9      | Killed a two-headed ogre
  7998 | D:9      | Gained mutation: You have a tail ending in a sharp stinger.
                  | [demonic ancestry]
  7998 | D:9      | Reached XP level 12. HP: 35/92 MP: 5/12
  8040 | D:9      | Reached skill level 10 in Shields
  8158 | D:9      | Reached skill level 11 in Long Blades
  8158 | D:9      | Gained mutation: You are completely covered in razor-sharp
                  | scales. (AC +3, Slay +3) [demonic ancestry]
  8158 | D:9      | Reached XP level 13. HP: 99/99 MP: 13/13
  8825 | D:9      | Found Valier's Firing Range.
  9088 | D:10     | Entered Level 10 of the Dungeon
  9114 | D:10     | Found an ornate altar of the Wu Jian Council.
  9115 | D:10     | Found a radiant altar of Vehumet.
  9130 | D:10     | Found a basalt altar of Yredelemnul.
  9848 | D:10     | Identified the +4 great mace of Moukk {flame, rN+ Will+}
  9910 | D:10     | Found Iwavaut's Elemental Accessories.
  9921 | D:10     | Noticed Sonja
  9933 | D:10     | Killed Sonja
 10390 | D:11     | Noticed Josephine
 10452 | D:11     | Received a gift from Okawaru
 10452 | D:11     | Reached ****** piety under Okawaru
 10457 | D:11     | Killed Josephine
 10592 | D:11     | Acquired a +4 demon blade of venom
 10592 | D:11     | Received a gift from Okawaru
 10594 | D:11     | Acquired the +20 crystal plate armour of Zickext {rC+
                  | rCorr}
 10594 | D:11     | Received a gift from Okawaru
 10651 | D:11     | Identified the +3 leather armour of Mirth {rCorr Str-2
                  | Dex-3 Slay+5}
 11021 | D:11     | Reached skill level 12 in Long Blades
 11435 | D:12     | HP: 5/101 [13-headed hydra (10)]
 11436 | D:12     | HP: 1/101 [13-headed hydra (4)]
 11436 | D:12     | Slain by a 13-headed hydra

Illustrated notes

Levels and vault maps discovered:
D:1:      lightli_arrival_quake, layout_basic
D:2:      layout_loops_ring, basic_altar, st_stairs_14, serial_bayou_lake_a,
          uniq_terence, uniq_jessica
D:3:      layout_loops_cross, wad_rectangle_vault
D:4:      layout_gridville, kennysheep_little_box, serial_shops, shop,
          grunt_ministairs_2
D:5:      wad_crossroads, layout_cave_pools, minmay_temple_entry_grid,
          kennysheep_cluttered_room, dk_noncrumbling_2, uniq_blork_the_orc
D:6:      layout_basic, grunt_temple_overflow_open, kennysheep_slug_shrine,
          serial_shops, nicolae_shop_bloodbath_and_beyond
D:7:      minmay_s_stair_smasher, layout_loops_corners,
          nicolae_hepliaklqana_hippocampus, enter_bailey_3,
          serial_co_window_serial, co_window_paths_a, co_window_paths_a,
          co_window_paths_a, co_window_corner_a, co_window_paths_b,
          co_window_paths_a, co_window_paths_b, co_window_unsneaky_path_b,
          co_window_of_opportunity_c, co_window_unsneaky_path_b,
          co_window_corner_b, co_window_2corner, co_window_4corner_a,
          glass_columns_c, glass_columns_b, glass_columns_a, glass_columns_b
D:8:      wad_arrow_thing, layout_cave_pods, minmay_statues_item, uniq_jeremiah
D:9:      minmay_the_grid_3x3 [minmay_the_grid_gridbox, minmay_the_grid_rooms,
          minmay_the_grid_zigzag_pyramid, minmay_the_grid_holed_spiral,
          minmay_the_grid_spikes, minmay_the_grid_large_cup,
          minmay_the_grid_medium_cups, minmay_the_grid_box_x,
          minmay_the_grid_prize_trominoes], layout_loops_ring, lair_entry_dummy,
          nicolae_stop_n_shop_2, nicolae_shop_firing_range
D:10:     layout_loops_corners, mainiacjoe_overflow_divided_tiny,
          mainiacjoe_overflow_paths, nicolae_elemental_shop,
          lightli_church_of_beogh, uniq_sonja
D:11:     lemuel_troll_bridge, layout_basic, grunt_decor_cap, uniq_josephine
D:12:     minmay_tile_spiral, layout_basic, orc_0_dummy
Temple:   nicolae_temple_superstar

Skill      XL: |  1  2  3  4  5  6  7  8  9 10 11 12 13 |
---------------+----------------------------------------+-----
Long Blades    | 2 3 4 5 7 8 9 10 11 12 | 12.1
Armour         | 3 4 6 7 8 |  8.5
Shields        | 3 4 5 7 8 9 10 11 | 11.6
Dodging        | 1 2 5 6 7 |  7.6
Fighting       | 4 6 7 8 9 |  9.3
Stealth        | 4 |  4.2
Invocations    | |  0.1
Evocations     | |  0.4

Action                     |  1- 3 |  4- 6 |  7- 9 | 10-12 | 13-15 || total
---------------------------+-------+-------+-------+-------+-------++-------
  Melee: Long sword        |   117 |   142 |   232 |   413 |   281 ||  1185
         Tailslap          |       |       |    35 |    81 |    70 ||   186
         Demon blade       |       |       |       |       |   103 ||   103
 Invoke: Heroism           |       |       |       |     1 |       ||     1
         Receive Weapon    |       |       |       |       |     1 ||     1
         Receive Armour    |       |       |       |       |     1 ||     1
  Evoke: Tin of tremorston |       |       |       |       |     2 ||     2
    Use: Scroll            |     7 |     4 |     5 |     1 |    10 ||    27
         Potion            |       |     1 |     3 |     5 |     1 ||    10
 Armour: Scale mail        |    89 |    91 |   142 |   225 |    79 ||   626
         Crystal plate arm |       |       |       |       |   132 ||   132
  Dodge: Dodged            |    59 |    32 |    54 |   212 |   150 ||   507
  Block: Buckler           |    26 |       |       |       |       ||    26
         Tower shield      |     4 |   135 |   201 |   511 |   448 ||  1299
